Map: Abyssal Reef LE

Players

eXile - Winner!

  • Race: Zerg Zerg
  • League: Platinum
  • Spawn Location: 11:00

Yata

  • Race: Zerg Zerg
  • League: Platinum
  • Spawn Location: 5:00

VOD

Have the link to the VOD?

Description

Time

  • Played on: Sept. 21, 2017, 5:19 p.m.
  • Length: 12:15
Show
View Real Time Build Order
Export as new Build Order

eXile Zerg - Winner!

Build Orders: Hatch First, Zergling Baneling 

Get SALT Encoding   

  12  0:02  Drone  
  13  0:13  Overlord  
  13  0:21  Drone  
  14  0:35  Drone x2  
  16  0:51  Hatchery  
  16  0:53  Drone  
  16  0:57  Extractor  
  16  0:59  Drone  
  16  1:14  Spawning Pool  
  15  1:19  Drone  
  15  1:21  Drone  
  17  1:28  Drone  
  19  1:32  Drone  
  19  1:40  Overlord  
  19  1:51  Drone  
  20  2:02  Metabolic Boost  
  20  2:04  Queen  
  20  2:07  Zergling x4  
  24  2:20  Queen  
  24  2:21  Drone  
  27  2:23  Drone  
  28  2:36  Drone x4  
  31  3:01  Drone x3  
  31  3:02  Hatchery  
  31  3:03  Zergling x2  
  33  3:09  Zergling x4  
  35  3:14  Baneling Nest  
  35  3:19  Spine Crawler  
  33  3:26  Drone x3  
  36  3:48  Overlord x2  
  35  3:58  Overlord  
  35  4:02  Overlord  
  35  4:03  Overlord  
  35  4:06  Zergling x8  
  35  4:07  Zergling x6  
  35  4:08  Baneling x2  
  42  4:18  Zergling x8  
  46  4:28  Baneling x3  
  46  4:42  Zergling x14  
  46  4:43  Zergling x4  
  46  4:45  Baneling x3  
  55  4:49  Queen  
  55  4:50  Queen  
  59  5:06  Hatchery  
  58  5:19  Drone x2  
  58  5:20  Drone x6  
  66  5:26  Queen  
  68  5:35  Extractor  
  68  5:37  Extractor  
  68  5:38  Roach Warren  
  64  5:42  Extractor  
  63  5:50  Zergling x6  
  63  5:51  Zergling x12  
  72  6:07  Evolution Chamber  
  71  6:15  Drone x4  
  71  6:16  Drone  
  76  6:27  Overlord  
  76  6:28  Overlord x3  
  76  6:38  Zergling x8  
  76  6:39  Zergling x2  
  73  7:08  Lair  
  72  7:10  Zerg Missile Weapons Level 1  
  72  7:12  Burrow  
  72  7:13  Roach x7  
  72  7:15  Baneling x4  
  86  7:16  Baneling x4  
  86  7:34  Roach x3, Hatchery  
  86  7:35  Roach x2  
  88  8:02  Drone x3  
  88  8:03  Drone x3  
  94  8:09  Baneling x2  
  94  8:10  Baneling x6  
  94  8:11  Centrifical Hooks  
  94  8:13  Glial Reconstitution  
  94  8:17  Pneumatized Carapace  
  94  8:19  Roach x2  
  98  8:25  Drone x4  
  102  8:35  Baneling x5  
  102  8:42  Roach x4  
  102  8:43  Roach  
  112  8:56  Baneling x7  
  112  9:00  Roach x4  
  120  9:16  Zerg Missile Weapons Level 2  
  120  9:21  Overlord x2  
  120  9:22  Overlord x2  
  120  9:41  Hatchery  
  116  9:58  Ravager x3  
  116  9:59  Ravager x3  
  122  10:00  Drone  
  122  10:01  Drone x20  
  122  10:03  Ravager  
  122  10:06  Extractor  
  143  10:07  Extractor  
  140  10:44  Queen  
  142  10:50  Roach  
  142  10:51  Roach x4  
  142  10:52  Overlord x4  
  152  11:02  Overseer  
  152  11:03  Overseer x2  
  152  11:07  Hydralisk Den  
  151  11:20  Queen  
  153  11:28  Roach x6  
  153  11:29  Roach x9  
  153  11:30  Roach x3  
  188  11:45  Spine Crawler  
  188  11:47  Spine Crawler  
  186  11:50  Overlord  
  186  11:51  Overlord x5  
Show
View Real Time Build Order
Export as new Build Order

Yata Zerg 

Build Orders: Hatch First 

Get SALT Encoding   

  12  0:02  Drone  
  13  0:13  Overlord  
  14  0:21  Drone  
  14  0:31  Drone  
  14  0:32  Drone  
  14  0:35  Drone  
  17  0:56  Hatchery, Drone  
  17  1:05  Drone  
  18  1:11  Extractor  
  17  1:18  Spawning Pool  
  17  1:21  Spawning Pool  
  17  1:22  Drone  
  17  1:25  Drone  
  18  1:29  Drone  
  19  1:40  Overlord  
  19  1:53  Drone  
  20  2:09  Zergling x4  
  20  2:10  Queen  
  20  2:11  Queen  
  20  2:14  Drone  
  27  2:17  Metabolic Boost  
  27  2:22  Drone  
  28  2:26  Zergling x2  
  29  2:34  Evolution Chamber  
  28  2:37  Baneling Nest  
  28  2:39  Drone  
  28  2:42  Drone  
  29  3:04  Zergling x4  
  29  3:05  Zergling x6  
  34  3:12  Zerg Melee Weapons Level 1  
  34  3:15  Drone  
  35  3:20  Overlord  
  35  3:25  Drone  
  36  3:38  Baneling x2  
  34  3:57  Zergling x8  
  34  3:58  Zergling x4  
  40  4:17  Hatchery  
  39  4:25  Zergling x4  
  39  4:26  Zergling x4  
  43  4:41  Lair  
  43  4:45  Roach Warren  
  42  4:46  Drone x2  
  42  4:50  Overlord x3  
  44  5:00  Baneling  
  44  5:01  Baneling x4  
  44  5:08  Queen  
  46  5:15  Drone x2  
  46  5:16  Drone x7  
  55  5:33  Extractor  
  55  5:34  Drone x4  
  55  5:35  Drone x2  
  52  5:46  Zergling x2  
  52  5:47  Zergling x10  
  58  6:00  Queen  
  60  6:14  Glial Reconstitution  
  60  6:24  Roach x2  
  60  6:25  Roach x4  
  72  6:36  Drone  
  73  6:52  Queen  
  70  7:05  Roach  
  70  7:08  Overlord x5  
  72  7:26  Drone x12  
  84  7:35  Roach x6  
  86  7:49  Roach, Zergling x2  
  86  7:50  Roach  
  88  8:09  Roach x2  
  92  8:19  Extractor  
  91  8:42  Roach  
  91  8:43  Roach x5  
  103  9:01  Roach x5  
  113  9:03  Overlord x4  
  113  9:10  Hatchery  
  113  9:11  Roach  
  114  9:24  Zergling x2  
  114  9:25  Zergling x26  
  120  9:49  Drone x4  
  124  10:04  Zerg Missile Weapons Level 1  
  124  10:10  Evolution Chamber  
  123  10:14  Pneumatized Carapace  
  123  10:18  Drone x6  
  115  10:44  Roach x5  
  115  10:47  Queen  
  127  10:57  Extractor  
  127  11:03  Drone  
  127  11:04  Drone  
  128  11:21  Infestation Pit  
  127  11:26  Ravager  
  127  11:28  Overlord x3  
  128  11:37  Spore Crawler  
  128  11:38  Spore Crawler  
  126  11:42  Spore Crawler  
  125  11:47  Drone x3  
  125  11:48  Drone x5  
  125  11:51  Ravager x2  
  125  11:52  Ravager x4  
Tags
 
Add a new tag
Caveats
  • Supply blocks, unpowered buildings, or Contaminate may cause inaccurate times.
  • Supply counts are checked every 10 seconds.